 Dungeon Crawl Stone Soup version 0.28-a0-1382-g92835e5c71 (webtiles) character file.

Game seed: 13190265501410921058

39 sanka the Ruffian (level 3, -3/35 HPs)
             Began as a Gnoll Cinder Acolyte on Jan 1, 2022.
             Was a High Priest of Ignis.
             Killed from afar by Natasha (4 damage)
             ... with a magic dart
             ... on level 2 of the Dungeon.
             The game lasted 00:01:59 (1240 turns).

sanka the Ruffian (Gnoll Cinder Acolyte)            Turns: 1240, Time: 00:01:59

Health: -3/35      AC:  2    Str: 13    XL:     3   Next: 45%
Magic:  3/7        EV: 11    Int: 15    God:    Ignis [*****.]
Gold:   11         SH:  0    Dex:  7    Spells: 5/7 levels left

rFire   + . .      SeeInvis .     - Unarmed
rCold   . . .      Faith    .   (no shield)
rNeg    . . .      Spirit   .   a - +0 robe
rPois   .          Reflect  .   (no helmet)
rElec   .          Harm     .   (no cloak)
rCorr   .          Rampage  .   (no gloves)
Will    .....                   (no boots)
Stlth   +.........              c - amulet of regeneration
HPRegen 0.91/turn               (no ring)
MPRegen 0.10/turn               (no ring)

@: no status effects
A: fangs 1, strong nose, distributed training
a: Renounce Religion, Fiery Armour, Foxfire Swarm, Rising Flame


You were on level 2 of the Dungeon.
You worshipped Ignis.
Ignis was extremely pleased with you.
You visited 1 branch of the dungeon, and saw 2 of its levels.

You collected 11 gold pieces.


Innate Abilities, Weirdness & Mutations

You have very sharp teeth.
Your uncanny sense of smell can sniff out nearby items.
Your experience applies equally to all skills.


   Skills:
 + Level 6.5 Fighting
 + Level 0.8 Short Blades
 + Level 0.8 Long Blades
 + Level 0.8 Axes
 + Level 0.8 Maces & Flails
 + Level 0.8 Polearms
 + Level 0.8 Staves
 + Level 0.8 Slings
 + Level 0.8 Bows
 + Level 0.8 Crossbows
 + Level 0.8 Throwing
 + Level 0.8 Armour
 + Level 0.8 Dodging
 + Level 0.8 Stealth
 + Level 0.8 Shields
 + Level 6.5 Unarmed Combat
 + Level 2.8 Spellcasting
 + Level 0.5 Conjurations
 + Level 0.5 Hexes
 + Level 0.5 Summonings
 + Level 0.5 Necromancy
 + Level 0.5 Translocations
 + Level 0.5 Transmutations
 + Level 5.4 Fire Magic
 + Level 0.5 Ice Magic
 + Level 0.5 Air Magic
 + Level 0.5 Earth Magic
 + Level 0.5 Poison Magic
 + Level 1.0 Invocations
 + Level 0.8 Evocations


You had 5 spell levels left.
You knew the following spells:

 Your Spells              Type           Power      Damage    Failure   Level
y - Scorch                Fire           36%        2d7       3%          2

Your spell library contained the following spells:

 Spells                   Type           Power      Damage    Failure   Level


Inventory:

Hand Weapons
 g - a +2 dagger of distortion
Armour
 a - a +0 robe (worn)
Jewellery
 c - an amulet of regeneration (around neck)
Scrolls
 b - a scroll of identify {unknown}
 d - 2 scrolls of vulnerability {unknown}
Potions
 e - a potion of curing {unknown}
 f - a potion of might {unknown}

Dungeon Overview and Level Annotations

Branches:
Dungeon (2/15)

Altars:
Beogh

Annotations:
D:2 Natasha, Terence

▒▒▒▒........▒▒...▒▒...▒▒▒▒▒▒▒▒
...........▒▒▒...▒▒...▒▒▒▒▒▒▒▒▒▒▒
............▒▒...▒▒..............
...........▒▒8...8▒▒..▒▒.........
......▒▒▒▒▒▒▒▒...▒▒▒▒▒▒▒▒........
......▒8▒▒▒8▒▒...▒▒8▒▒▒8▒........
..............h@.#...............
............).)⌠.#...............
.....>........##g#......†........
▒▒▒▒..▒8▒▒▒8▒▒###▒▒8▒▒▒8▒........
+..▒▒▒ ▒▒▒▒...▒▒▒▒▒▒▒▒........
▒........▒8...8▒...▒▒.........
▒.g......▒▒...▒▒...........▒▒.
▒........▒▒...▒▒...........▒
▒......▒▒▒▒...▒▒▒▒▒▒▒......▒
▒........ 8...8 ▒.......▒
▒........▒ ▒.......▒


You could see Terence and Natasha.


Message History

Your foxfire dissipates!
The foxfire hits Terence but does no damage.
The foxfire hits Terence but does no damage.
The foxfire hits Terence but does no damage.
The foxfire hits the kobold.
The kobold is heavily wounded.
The foxfire hits Terence but does no damage.
The foxfire hits Natasha.
Natasha is lightly wounded.
The foxfire hits Terence.
Terence is lightly wounded.
The foxfire hits Terence.
Terence is lightly wounded.
The foxfire hits Terence but does no damage.
Terence is lightly wounded.
The foxfire hits the kobold.
You kill the kobold!
The foxfire hits Terence.
Terence is moderately wounded.
The foxfire hits Terence but does no damage.
Terence is moderately wounded.
The foxfire hits Terence but does no damage.
Terence is moderately wounded.
The foxfire hits Terence.
Terence is heavily wounded.
The foxfire hits Terence.
Terence is heavily wounded.
Natasha stares at you and mumbles some strange words.
The magic dart hits you.
You die...

Action                   || total
-------------------------++-------
Melee: Unarmed           ||   100
       Bite              ||     5
       Punch             ||     4
 Cast: Scorch            ||     3
Invok: Foxfire Swarm     ||     1
Armor: Robe              ||    10
Dodge: Dodged            ||    52

Levels and vault maps discovered:
D:1:      lemuel_arrival_broad_hall, layout_loops_corners,
          hellmonk_ecumenical_altar_defaced_shrine, st_stairs_14
D:2:      layout_basic, serial_corexii_hall, chequers_hall_statues_corner_a,
          corexii_hall_statues_x, uniq_sigmund, uniq_terence, uniq_natasha

Notes
Turn   | Place    | Note
-------+----------+-------------------------------------------
     0 | D:1      | sanka the Gnoll Cinder Acolyte began the quest for the Orb.
     0 | D:1      | Reached XP level 1. HP: 23/23 MP: 4/4
    84 | D:1      | Reached XP level 2. HP: 17/29 MP: 5/5
   454 | D:1      | Found a faded altar of an unknown god.
   571 | D:1      | Reached XP level 3. HP: 30/35 MP: 7/7
  1190 | D:2      | Reached skill level 1 in Invocations
  1212 | D:2      | Noticed Terence
  1217 | D:2      | Learned a level 2 spell: Scorch
  1227 | D:2      | Noticed Natasha
  1239 | D:2      | HP: 1/35 [Natasha (8)]
  1240 | D:2      | Killed from afar by Natasha

Vanquished Creatures
  2 dart slugs (D:1)
  A bat (D:1)
  5 endoplasms (D:1)
  3 giant cockroaches
  7 goblins
  A hobgoblin (D:2)
  2 kobolds
  A quokka (D:1)
  4 ball pythons
  2 frilled lizards
  5 rats
33 creatures vanquished.

Vanquished Creatures (others)
  15 foxfires (D:2)
15 creatures vanquished.

Grand Total: 48 creatures vanquished
